PBL
TAMPA BAY RAYS @ HOUSTON ASTROS
05/09/2071
 
TOP OF THE 1ST
Tampa Bay Rays batting - Pitching for Houston Astros : LHP Steve Coleman
Pitching: LHP Steve Coleman
Batting: RHB Ken Potter 0-0: Ball
1-0: Ground out 2-3 (Groundball, 2L, EV 65.0 MPH)
Batting: LHB Manuel Gonzáles 0-0: SOLO HOME RUN (Flyball, 7LD, EV 98.8 MPH), Distance : 360 ft
Batting: RHB Tom Pike 0-0: Called Strike
0-1: Ball
1-1: Swinging Strike
1-2: Strikes out swinging, 2-3 out at first.
Batting: RHB Jorge Baca 0-0: Ball
1-0: Foul Ball, location: 2RF
1-1: Foul Ball, location: 2F
1-2: Ball
2-2: Foul Ball, location: 2F
2-2: Strikes out swinging
Top of the 1st over - 1 run, 1 hit, 0 errors, 0 left on base; Tampa Bay 1 - Houston 0
BOTTOM OF THE 1ST
Houston Astros batting - Pitching for Tampa Bay Rays : RHP Armando Guillén
Pitching: RHP Armando Guillén
Batting: RHB Sukenobu Taneda 0-0: Ball
1-0: Foul Ball, location: 9LSF
1-1: SINGLE (Line Drive, 8LS, EV 97.5 MPH)
Batting: LHB Emiel Vonhof 0-0: Called Strike
0-1: Ball
1-1: SINGLE (Groundball, 4MD, EV 102.5 MPH) (infield hit)
Sukenobu Taneda to second
Batting: RHB Jin Daikawa 0-0: Ball
1-0: Ball
2-0: Foul Ball, location: 3DF
2-1: Foul Ball, location: 2F
2-2: Ball
3-2: Foul Ball, location: 7LMF
3-2: Base on Balls
Sukenobu Taneda to third
Emiel Vonhof to second
Batting: LHB Trevor Burt 0-0: Ball
1-0: Foul Ball, location: 3DF
1-1: Ball
2-1: Ball
3-1: Fly out, F8 (Flyball, 78M, EV 87.5 MPH)
Runner from 3rd tags up, OUT at HOME! 8-2
Emiel Vonhof to third
Jin Daikawa to second
Batting: LHB Cal Dascenzo 0-0: Foul Ball, location: 3F
0-1: Foul Ball, location: 2F
0-2: Strikes out swinging
Bottom of the 1st over - 0 runs, 2 hits, 0 errors, 2 left on base; Tampa Bay 1 - Houston 0
TOP OF THE 2ND
Tampa Bay Rays batting - Pitching for Houston Astros : LHP Steve Coleman
Batting: RHB Colt Keeling 0-0: Called Strike
0-1: Ball
1-1: Ball
2-1: Swinging Strike
2-2: Ball
3-2: Strikes out looking
Batting: RHB Carlos Cruz 0-0: Foul Ball, location: 2F
0-1: Called Strike
0-2: Ball
1-2: Foul Ball, location: 3F
1-2: Strikes out swinging
Batting: RHB Armando Guillén 0-0: Called Strike
0-1: Ball
1-1: Ball
2-1: Swinging Strike
2-2: Fly out, F7 (Line Drive, 7, EV 98.1 MPH)
Top of the 2nd over - 0 runs, 0 hits, 0 errors, 0 left on base; Tampa Bay 1 - Houston 0
BOTTOM OF THE 2ND
Houston Astros batting - Pitching for Tampa Bay Rays : RHP Armando Guillén
Batting: RHB Mike Hall 0-0: Ball
1-0: Ground out 5-3 (Groundball, 56, EV 78.8 MPH)
Batting: RHB Arturo Becerra 0-0: Ball
1-0: Swinging Strike
1-1: Fly out, F8 (Flyball, 8LS, EV 83.1 MPH)
Batting: RHB Chris Martínez 0-0: Ground out 6-3 (Groundball, 56, EV 102.5 MPH)
Bottom of the 2nd over - 0 runs, 0 hits, 0 errors, 0 left on base; Tampa Bay 1 - Houston 0
TOP OF THE 3RD
Tampa Bay Rays batting - Pitching for Houston Astros : LHP Steve Coleman
Batting: RHB Paul Robertson 0-0: Ball
1-0: SINGLE (Line Drive, 7S, EV 98.8 MPH)
Batting: LHB Oliver Whitley 0-0: Ball
1-0: Swinging Strike
1-1: Ball
2-1: Fly out, F8 (Flyball, 89M, EV 75.6 MPH)
Batting: RHB Ken Potter 0-0: Ball
1-0: Called Strike
1-1: Fly out, F6 (Popup, P, EV 85.0 MPH)
Batting: LHB Manuel Gonzáles 0-0: Ball
1-0: Fly out, F7 (Flyball, 7LS, EV 92.5 MPH)
Top of the 3rd over - 0 runs, 1 hit, 0 errors, 1 left on base; Tampa Bay 1 - Houston 0
BOTTOM OF THE 3RD
Houston Astros batting - Pitching for Tampa Bay Rays : RHP Armando Guillén
Batting: RHB Roberto Beltrán 0-0: Ball
1-0: Ball
2-0: Called Strike
2-1: Foul Ball, location: 2F
2-2: Ball
3-2: Base on Balls
Batting: RHB Sukenobu Taneda 0-0: Ball
1-0: Ball
2-0: Ball
3-0: Called Strike
3-1: Foul Ball, location: 2F
3-2: Base on Balls
Roberto Beltrán to second
Batting: LHB Emiel Vonhof 0-0: Foul Ball, location: 2F
0-1: Ground out 4-3 (Groundball, 4, EV 66.9 MPH)
Roberto Beltrán to third
Sukenobu Taneda to second
Batting: RHB Jin Daikawa 0-0: Ball
1-0: Foul Ball, location: 9LDF
1-1: Foul Ball, location: 23FF
1-2: Ball
2-2: Ball
3-2: DOUBLE (Line Drive, 9LM, EV 98.1 MPH)
Roberto Beltrán scores
Sukenobu Taneda scores
Batting: LHB Trevor Burt 0-0: Called Strike
0-1: Ball
1-1: Ball
2-1: Foul Ball, location: 25F
2-2: SINGLE (Groundball, 4M, EV 88.8 MPH) (infield hit)
Jin Daikawa to third
Batting: LHB Cal Dascenzo 0-0: Ball
1-0: Ball
2-0: Called Strike
2-1: Foul Ball, location: 3SF
2-2: Foul Ball, location: 2F
2-2: Ball
3-2: SINGLE (Line Drive, 3D, EV 94.4 MPH)
Jin Daikawa scores
Trevor Burt to second
Batting: RHB Mike Hall 0-0: Ball
1-0: Ball
2-0: Ball
3-0: Base on Balls
Trevor Burt to third
Cal Dascenzo to second
Batting: RHB Arturo Becerra 0-0: Foul Ball, location: 2LF
0-1: Ball
1-1: Grounds into double play, 6-4-3 (Groundball, 6, EV 93.1 MPH)
Bottom of the 3rd over - 3 runs, 3 hits, 0 errors, 2 left on base; Tampa Bay 1 - Houston 3
TOP OF THE 4TH
Tampa Bay Rays batting - Pitching for Houston Astros : LHP Steve Coleman
Batting: RHB Tom Pike 0-0: Called Strike
0-1: Fly out, F8 (Flyball, 8LM, EV 88.1 MPH)
Batting: RHB Jorge Baca 0-0: Ball
1-0: Called Strike
1-1: Ground out 6-3 (Groundball, 6, EV 98.8 MPH)
Batting: RHB Colt Keeling 0-0: Ball
1-0: Ball
2-0: SOLO HOME RUN (Flyball, 78XD, EV 106.3 MPH), Distance : 412 ft
Batting: RHB Carlos Cruz 0-0: Ball
1-0: Called Strike
1-1: Foul Ball, location: 25FF
1-2: Fly out, F3 (Popup, 34, EV 72.5 MPH)
Top of the 4th over - 1 run, 1 hit, 0 errors, 0 left on base; Tampa Bay 2 - Houston 3
BOTTOM OF THE 4TH
Houston Astros batting - Pitching for Tampa Bay Rays : RHP Armando Guillén
Batting: RHB Chris Martínez 0-0: Ball
1-0: DOUBLE (Flyball, 8LXD, EV 100.0 MPH)
Batting: RHB Roberto Beltrán 0-0: Ball
1-0: Foul Ball, location: 25FF
1-1: Ball
2-1: Foul Ball, location: 3F
2-2: DOUBLE (Flyball, 8LD, EV 92.5 MPH)
Chris Martínez scores
Batting: RHB Sukenobu Taneda 0-0: Ball
1-0: Foul Ball, location: 3F
1-1: Called Strike
1-2: Fly out, F8 (Flyball, 8RD, EV 103.8 MPH)
Batting: LHB Emiel Vonhof 0-0: Foul Ball, location: 3F
0-1: Called Strike
0-2: Foul Ball, location: 2F
0-2: Ball
1-2: SINGLE (Groundball, 4MD, EV 103.1 MPH)
Roberto Beltrán to third
Runner from 3rd tries for Home, SAFE, throw by CF to home
Pitching: RHP Tom Snider
Batting: RHB Jin Daikawa 0-0: Called Strike
Emiel Vonhof steals 2nd base
0-1: Ground out 4-3 (Groundball, 4, EV 87.5 MPH)
Emiel Vonhof to third
Batting: LHB Trevor Burt 0-0: Ball
1-0: Called Strike
1-1: Ball
2-1: Foul Ball, location: 2F
2-2: Foul Ball, location: 5FF
2-2: Strikes out swinging
Bottom of the 4th over - 2 runs, 3 hits, 0 errors, 1 left on base; Tampa Bay 2 - Houston 5
TOP OF THE 5TH
Tampa Bay Rays batting - Pitching for Houston Astros : LHP Steve Coleman
Batting: RHB Armando Guillén 0-0: Ball
1-0: Foul Ball, location: 3F
1-1: Foul Ball, location: 9LDF
1-2: Ball
2-2: Foul Ball, location: 9LSF
2-2: Foul Ball, location: 2F
2-2: Foul Ball, location: 23FF
2-2: Fly out, F8 (Flyball, 8LD, EV 106.9 MPH)
Batting: RHB Paul Robertson 0-0: Ball
1-0: Ball
2-0: Foul Ball, location: 2F
2-1: Foul Ball, location: 9LMF
2-2: Foul Ball, location: 5FF
2-2: DOUBLE (Flyball, 78XD, EV 88.8 MPH)
Batting: LHB Oliver Whitley 0-0: Ball
Passed Ball!
Paul Robertson to third
1-0: 2-RUN HOME RUN (Flyball, 9LD, EV 93.1 MPH), Distance : 340 ft
Batting: RHB Ken Potter 0-0: Ball
1-0: Hit by Pitch
Batting: LHB Manuel Gonzáles 0-0: Ball
1-0: Ball
2-0: Foul Ball, location: 2F
2-1: Swinging Strike
2-2: DOUBLE (Flyball, 8RXD, EV 110.0 MPH)
Ken Potter to third
Batting: RHB Tom Pike 0-0: Swinging Strike
0-1: DOUBLE (Line Drive, 89XD, EV 107.5 MPH)
Ken Potter scores
Manuel Gonzáles scores
Pitching: RHP Will Goings
Batting: RHB Jorge Baca 0-0: Ball
1-0: Ball
2-0: Called Strike
2-1: Swinging Strike
2-2: Foul Ball, location: 2F
2-2: Fly out, F9 (Flyball, 89XD, EV 102.5 MPH)
Runner from 2nd tags up, SAFE at 3rd, no throw by RF
Batting: RHB Colt Keeling 0-0: Ball
1-0: Swinging Strike
1-1: Swinging Strike
1-2: Strikes out swinging
Top of the 5th over - 4 runs, 4 hits, 0 errors, 1 left on base; Tampa Bay 6 - Houston 5
BOTTOM OF THE 5TH
Houston Astros batting - Pitching for Tampa Bay Rays : RHP Tom Snider
Batting: LHB Cal Dascenzo 0-0: Swinging Strike
0-1: Ball
1-1: SOLO HOME RUN (Flyball, 7D, EV 100.0 MPH), Distance : 385 ft
Batting: RHB Mike Hall 0-0: SINGLE (Line Drive, 7S, EV 97.5 MPH)
Batting: RHB Arturo Becerra 0-0: Called Strike
0-1: Swinging Strike
0-2: Ball
1-2: Strikes out swinging
Batting: RHB Chris Martínez 0-0: Called Strike
0-1: Grounds into double play, U6-3 (Groundball, 6M, EV 78.8 MPH)
Bottom of the 5th over - 1 run, 2 hits, 0 errors, 0 left on base; Tampa Bay 6 - Houston 6
TOP OF THE 6TH
Tampa Bay Rays batting - Pitching for Houston Astros : RHP Will Goings
Pitching: RHP Shun Ine
Batting: RHB Carlos Cruz 0-0: Called Strike
0-1: Foul Ball, location: 2F
0-2: Ball
1-2: Foul Ball, location: 3FF
1-2: Foul Ball, location: 5F
1-2: Ground out 4-3 (Groundball, 4, EV 105.6 MPH)
Batting: RHB Armando Guillén 0-0: SINGLE (Line Drive, 34, EV 109.4 MPH)
Batting: RHB Paul Robertson 0-0: Ball
1-0: Called Strike
1-1: Called Strike
1-2: Strikes out swinging
Pitching: LHP Felipe Ruíz
Pinch Hitting: RHB Jesús Hernández 0-0: Ball
1-0: Called Strike
1-1: Called Strike
1-2: Fielders Choice at 2nd, 5-4 (Groundball, 56, EV 86.3 MPH)
Top of the 6th over - 0 runs, 1 hit, 0 errors, 1 left on base; Tampa Bay 6 - Houston 6
BOTTOM OF THE 6TH
Houston Astros batting - Pitching for Tampa Bay Rays : RHP Tom Snider
Now in RF: Jesús Hernández
Batting: RHB Roberto Beltrán 0-0: Called Strike
0-1: Ball
1-1: Fly out, F8 (Line Drive, 8RD, EV 96.3 MPH)
Batting: RHB Sukenobu Taneda 0-0: Ball
1-0: Called Strike
1-1: Ball
2-1: Foul Ball, location: 3DF
2-2: Ball
3-2: Fly out, F3 (Line Drive, 4, EV 66.9 MPH)
Batting: LHB Emiel Vonhof 0-0: Foul Ball, location: 7LMF
0-1: Swinging Strike
0-2: Ball
1-2: DOUBLE (Flyball, 8RXD, EV 108.1 MPH)
Batting: RHB Jin Daikawa 0-0: Called Strike
0-1: Foul Ball, location: 2F
0-2: Foul Ball, location: 2LF
0-2: Fly out, F8 (Flyball, 8LXD, EV 108.8 MPH)
Bottom of the 6th over - 0 runs, 1 hit, 0 errors, 1 left on base; Tampa Bay 6 - Houston 6
TOP OF THE 7TH
Tampa Bay Rays batting - Pitching for Houston Astros : LHP Felipe Ruíz
Pitching: RHP Skip West
Batting: RHB Ken Potter 0-0: Called Strike
0-1: Ball
1-1: Ground out U3 (Groundball, 34S, EV 86.9 MPH)
Batting: LHB Manuel Gonzáles 0-0: Ball
1-0: Ball
2-0: Fly out, F8 (Flyball, 78D, EV 78.1 MPH)
Batting: RHB Tom Pike 0-0: Called Strike
0-1: Ball
1-1: Swinging Strike
1-2: Ball
2-2: Strikes out swinging
Top of the 7th over - 0 runs, 0 hits, 0 errors, 0 left on base; Tampa Bay 6 - Houston 6
BOTTOM OF THE 7TH
Houston Astros batting - Pitching for Tampa Bay Rays : RHP Tom Snider
Pitching: RHP Ben Nicholson
Batting: LHB Trevor Burt 0-0: Called Strike
0-1: Ball
1-1: Ball
2-1: Ball
3-1: Called Strike
3-2: Strikes out swinging
Batting: LHB Cal Dascenzo 0-0: Ball
1-0: SOLO HOME RUN (Flyball, 9LD, EV 95.0 MPH), Distance : 348 ft
Batting: RHB Mike Hall 0-0: Called Strike
0-1: Ground out 6-3 (Groundball, 6, EV 106.9 MPH)
Batting: RHB Arturo Becerra 0-0: Called Strike
0-1: Swinging Strike
0-2: Fly out, F7 (Flyball, 7, EV 90.6 MPH)
Bottom of the 7th over - 1 run, 1 hit, 0 errors, 0 left on base; Tampa Bay 6 - Houston 7
TOP OF THE 8TH
Tampa Bay Rays batting - Pitching for Houston Astros : RHP Skip West
Batting: RHB Jorge Baca 0-0: Called Strike
0-1: Ball
1-1: Foul Ball, location: 9LDF
1-2: Ball
2-2: Foul Ball, location: 9LDF
2-2: Ground out 4-3 (Groundball, 34, EV 88.1 MPH)
Batting: RHB Colt Keeling 0-0: Ball
1-0: Called Strike
1-1: Called Strike
1-2: Strikes out looking
Batting: RHB Carlos Cruz 0-0: Called Strike
0-1: Called Strike
0-2: Ball
1-2: Strikes out swinging
Top of the 8th over - 0 runs, 0 hits, 0 errors, 0 left on base; Tampa Bay 6 - Houston 7
BOTTOM OF THE 8TH
Houston Astros batting - Pitching for Tampa Bay Rays : RHP Ben Nicholson
Batting: RHB Chris Martínez 0-0: Ground out 5-3 (Groundball, 56, EV 88.1 MPH)
Batting: RHB Roberto Beltrán 0-0: Foul Ball, location: 2F
0-1: Fly out, F8 (Flyball, 78D, EV 111.9 MPH)
Batting: RHB Sukenobu Taneda 0-0: Ball
1-0: Swinging Strike
1-1: Swinging Strike
1-2: SINGLE (Line Drive, 6M, EV 97.5 MPH)
Batting: LHB Emiel Vonhof 0-0: Called Strike
0-1: Foul Ball, location: 23F
0-2: Ball
1-2: Ball
2-2: Strikes out swinging
Bottom of the 8th over - 0 runs, 1 hit, 0 errors, 1 left on base; Tampa Bay 6 - Houston 7
TOP OF THE 9TH
Tampa Bay Rays batting - Pitching for Houston Astros : RHP Skip West
Pitching: LHP Manuel Ibáñez
Batting: RHB Armando Guillén 0-0: Ball
1-0: Fly out, F9 (Flyball, 9D, EV 106.3 MPH)
Batting: RHB Paul Robertson 0-0: Foul Ball, location: 2F
0-1: Ball
1-1: Ball
2-1: Foul Ball, location: 25F
2-2: Fly out, F6 (Popup, 6D, EV 55.6 MPH)
Batting: RHB Jesús Hernández 0-0: Swinging Strike
0-1: Called Strike
0-2: Ball
1-2: Strikes out swinging
Top of the 9th over - 0 runs, 0 hits, 0 errors, 0 left on base; Tampa Bay 6 - Houston 7
Saturday, April 13th , 2024 - OOTP Baseball 24.10 Build 82